[Event "*** Titled Tuesday Blitz"]
[Site "Chess.com"]
[Date "2019.02.05"]
[Round "4"]
[White "saikrishnaReturns"]
[Black "StoreySniper"]
[Result "1-0"]
[WhiteElo "2625"]
[BlackElo "2343"]
[TimeControl "180+2"]
[EndTime "13:52:13 PST"]
[Termination "saikrishnaReturns won by resignation"]

1. e4 g6 2. d4 Bg7 3. Nc3 c5 4. Nf3 Qa5 5. dxc5 Bxc3+ 6. bxc3 Qxc3+ 7. Bd2 Qxc5 8. Rb1 d6 9. Bd3 Nd7 10. O-O Ngf6 11. Bh6 Ng4 12. Bg7 Rg8 13. Bd4 Qh5 14. Rb5 e5 15. h3 Ngf6 16. Be2 Qh6 17. Be3 Qf8 18. Qd3 b6 19. Nd2 Ba6 20. Nc4 Bxb5 21.
Nxd6+ Qxd6 22. Qxd6 Bxe2 23. Re1 Bc4 24. Bg5 Be6 25. f4 h6 26. Bxf6 Nxf6 27. f5 Nxe4 28. Rxe4 gxf5 29. Qc6+ Ke7 30. Qc7+ Kf8 31. Rxe5 Rg6 32.
Qd6+ Kg7 33. Qd4 Kh7 34. Qa4 Rag8 35. Re2 Bd5 36. Qxa7 Bxg2 37. Re7 R8g7 38. Kf2 Bd5 39. h4 f4 40. Rd7 Rg2+ 41. Ke1 Rxc2 42. Kd1 Rc5 43.
Qxb6 Rg1+ 44. Kd2 Rg2+ 45. Kd3 Rc6 46. Qb1 Be6 47. Kd4+ Kg7 48. Rb7 Rd2+ 49. Ke5 Re2+ 50. Kxf4 Rc4+ 51. Kf3 Bg4+ 52. Kg3 h5 53. Qa1+ Kg8 54.
Rb8+ Bc8 55. Qd1 Re3+ 56. Kf2 Re8 57. Qg1+ Rg4 58. Qc1 Kh7 59. Rxc8 Re6 60. Qc2+ Kg7 61. Rc6 Rxc6 62. Qxc6 Rxh4 63. a4 Rg4 64. a5 h4 65.
a6 h3 66. a7 Ra4 67. Qxa4 1-0

[Event "*** Titled Tuesday Blitz"]
[Site "Chess.com"]
[Date "2019.02.05"]
[Round "4"]
[White "Vuks91"]
[Black "NemtsevIgor"]
[Result "1-0"]
[WhiteElo "2422"]
[BlackElo "2299"]
[TimeControl "180+2"]
[EndTime "13:52:16 PST"]
[Termination "Vuks91 won by resignation"]

1. e4 c6 2. d4 d5 3. Nc3 h6 4. Nf3 Nf6 5. e5 Ne4 6. Bd3 Bf5 7. Qe2 Nxc3 8. bxc3 Bxd3 9. cxd3 e6 10. O-O Be7 11. h3 O-O 12. Nh2 c5 13. dxc5 Bxc5 14. d4 Be7 15. f4 Nc6 16. f5 exf5 17. Rxf5 Qd7 18.
Rf3 Rac8 19. Bd2 Nd8 20. Raf1 Ne6 21. Ng4 Bg5 22. Rg3 Qa4 23. Nxh6+ gxh6 24. Qh5 Qc2 25.
h4 Qxd2 26. hxg5 Rxc3 27. Rxc3 Qxc3 28. gxh6 Qxd4+ 29. Kh1 Qe4 30. Rf5 d4 31. h7+ Kh8 32.
Kg1 d3 33. Rxf7 Qe1+ 34. Kh2 Rxf7 35. Qxf7 Qxe5+ 36. Kg1 Qe3+ 37. Kh1 Qh6+ 38. Kg1 Qxh7 39. Qxe6 Qc7 40. Qh3+ Kg7 41. Qxd3 Qb6+ 42. Kh2 Qc7+ 43. g3 Qc6 44. Qd4+ Kg6 45. Qxa7 Qc2+ 46. Kh3 Qf5+ 47. Kg2 Qc2+ 48. Qf2 Qc6+ 49. Kh2 Kg5 50. Qf4+ Kg6 51. a4 Qc2+ 52. Kh3 Qb1 53. Qd6+ Kg5 54. Qd5+ Kg6 55. Qe6+ Kg5 56. Qg8+ Kf6 57. Qh8+ Kf7 58. Qh5+ Kf6 59. Qh6+ Kf7 60. Qf4+ Kg6 61. Qd6+ Kg5 62. Qc5+ Kg6 63. Qd6+ Kg5 64. Qe7+ Kg6 65. Qe8+ Kg5 66. Qb5+ Qxb5 67. axb5 b6 68. g4 Kg6 69. Kg3 Kg5 70. Kf3 Kg6 71. Kf4 Kf6 72. Ke4 Kg5 73.
Kd5 Kxg4 74. Kc6 Kf5 75. Kxb6 Ke6 76. Kc7 Kd5 77. b6 1-0

[Event "*** Titled Tuesday Blitz"]
[Site "Chess.com"]
[Date "2019.02.05"]
[Round "4"]
[White "Rodalquilar"]
[Black "xLuring1"]
[Result "1/2-1/2"]
[WhiteElo "2541"]
[BlackElo "2326"]
[TimeControl "180+2"]
[EndTime "13:52:25 PST"]
[Termination "Game drawn by repetition"]

1. e4 c5 2. Nf3 Nc6 3. Bb5 g6 4. Bxc6 bxc6 5. O-O Bg7 6. c3 Nh6 7. d4 cxd4 8. cxd4 d5 9. e5 O-O 10. h3 f6 11. Re1 Nf7 12. Bf4 Qb6 13. Nc3 Nd8 14. Na4 Qb4 15. a3 Qb5 16. Nc5 fxe5 17. Bxe5 Bxe5 18. Rxe5 e6 19. Qe2 Nf7 20. Re3 Nd6 21.
Ng5 Nf5 22. Qxb5 cxb5 23. Rd3 Re8 24. Re1 h6 25. Ngxe6 Bxe6 26. Rxe6 Rxe6 27. Nxe6 Re8 28. Nf4 Re4 29. Nxg6 Nxd4 30. Ne7+ Rxe7 31. Rxd4 Re1+ 32. Kh2 Re2 33. Rxd5 Rxb2 34. f4 a5 35. a4 Kf7 36.
axb5 a4 37. Rd6 Rxb5 38. Rxh6 Ra5 39. Rc6 a3 40. Rc1 a2 41. Ra1 Ra3 42. Kg1 Kf6 43. g4 Rxh3 44. Rxa2 Rg3+ 45. Rg2 Rf3 46. f5 Kg5 47. Kh2 Rf1 48. Kg3 Ra1 49. Rf2 Rg1+ 50. Kh3 Rxg4 51. f6 Rh4+ 52. Kg3 Rh8 53. f7 Rf8 54. Kh3 Kg6 55. Kg4 Rxf7 56. Rb2 Rf6 57. Rb5 Ra6 58. Rg5+ Kf6 59. Rb5 Kg6 60. Rg5+ Kf6 61.
Rb5 Kg6 1/2-1/2

[Event "*** Titled Tuesday Blitz"]
[Site "Chess.com"]
[Date "2019.02.05"]
[Round "4"]
[White "FrankieJay"]
[Black "KlyashtornyVladislav"]
[Result "1-0"]
[WhiteElo "2392"]
[BlackElo "2197"]
[TimeControl "180+2"]
[EndTime "13:52:29 PST"]
[Termination "FrankieJay won by resignation"]

1. e4 e5 2. Nf3 Nc6 3. Bb5 a6 4.
Ba4 Nf6 5. O-O Be7 6. Re1 b5 7. Bb3 d6 8. c3 O-O 9. h3 Nb8 10. d4 Nbd7 11. Nbd2 Bb7 12. Bc2 Re8 13. Nf1 Bf8 14.
Ng3 g6 15. a4 Bg7 16. Bd3 c6 17. Bg5 Qc7 18. Qd2 Nb6 19. b3 exd4 20. cxd4 Nfd7 21. a5 Nc8 22. Rac1 Ne7 23. b4 Rac8 24. Be3 Nf6 25. Nh2 Qd7 26. Qc2 h5 27. Nf3 Nh7 28. Qd2 Kh8 29. Bb1 Ng8 30. e5 c5 31. dxc5 Bxf3 32.
gxf3 Bxe5 33. f4 Bg7 34. cxd6 Rxc1 35. Rxc1 Qxh3 36. d7 Rd8 37. Bf5 Qh4 38. Be4 Nhf6 39. Bc6 Ng4 40. Bb6 Qh2+ 41. Kf1 Rf8 42. d8=Q Rxd8 43.
Bxd8 h4 44. Nh1 Qh3+ 45. Bg2 Nh2+ 46. Kg1 Nf3+ 47. Bxf3 Qxf3 48. Bxh4 Qg4+ 49. Bg3 Nf6 50. Qd1 Qh3 51. Qf3 Ng4 52. Qg2 Qh5 53. Re1 Bd4 54.
Re8+ Kg7 55. Qa8 Nf6 56. Rd8 Qd1+ 57. Kg2 Qa1 58. Qf3 Bc3 59. f5 Bxb4 60. fxg6 fxg6 61. Qb7+ Kh6 62. Rh8+ Kg5 63. f4+ Kf5 64. Qc8+ Ke4 65.
Nf2+ Ke3 66. Qe6+ Kd2 67. Rd8+ Kc1 68. Qe3+ Kb2 69. Qd4+ Ka2 70. Qxb4 Qb2 71. Rd2 1-0

[Event "*** Titled Tuesday Blitz"]
[Site "Chess.com"]
[Date "2019.02.05"]
[Round "4"]
[White "Tolya2"]
[Black "snowlord"]
[Result "1/2-1/2"]
[WhiteElo "2523"]
[BlackElo "2696"]
[TimeControl "180+2"]
[EndTime "13:52:37 PST"]
[Termination "Game drawn - insufficient material"]

1. Nf3 b6 2. g3 c5 3. Bg2 Bb7 4. c4 g6 5. Nc3 Bg7 6. O-O Nc6 7.
e3 Nf6 8. d4 cxd4 9. Nxd4 O-O 10. b3 d5 11. cxd5 Nxd4 12. exd4 Nxd5 13. Nxd5 Bxd5 14.
Be3 Rc8 15. Qd2 Bxg2 16. Kxg2 Qd5+ 17. Kg1 Rfd8 18. Rac1 Rxc1 19. Rxc1 Bxd4 20. Bxd4 Qxd4 21. Qxd4 Rxd4 22. Rc7 a6 23. Rxe7 Rd2 24. a4 Rd3 25. Ra7 a5 26. b4 axb4 27. Ra6 Rd6 28. a5 Rd1+ 29. Kg2 bxa5 30. Rxa5 b3 31. Rb5 Rb1 32.
h4 h5 33. Kf3 Kg7 34. Rb6 Kf8 35. Rb7 Rb2 36. Ke3 Kg7 37. Rb6 Rb1 38. Kf4 f6 39.
Rb7+ Kh6 40. Rb6 b2 41. Rb7 g5+ 42. Kf5 gxh4 43. gxh4 Rh1 44. Rxb2 Rxh4 45. Kxf6 Rf4+ 46. Ke5 Kg5 47. Rd2 h4 48. Rd8 Rxf2 49. Rg8+ Kh5 50. Ke4 h3 51. Ke3 Rf7 52. Rh8+ Kg4 53. Rg8+ Kh4 54.
Rh8+ Kg4 55. Rg8+ Kh4 56. Rh8+ Kg3 57. Rg8+ Kh2 58. Ke2 Rf6 59. Rg7 Rf5 60. Rg8 Rf4 61. Rg7 Rf8 62. Rg6 Rf4 63. Rg7 Kh1 64. Ke3 Rf1 65. Ke2 Rg1 66. Rh7 Kg2 67. Rg7+ Kh2 68.
Rh7 Rg3 69. Kf2 Ra3 70. Rh8 Ra7 71. Rh6 Rf7+ 72. Ke2 Kg2 73. Rg6+ Kh1 74. Rh6 Kh2 75. Rg6 Rf8 76. Rg7 Ra8 77. Kf2 Ra1 78. Rg8 Ra2+ 79. Kf1 Rg2 80. Rh8 Kg3 81. Rg8+ Kh2 82. Rh8 Rd2 83.
Rh7 Kg3 84. Rg7+ Kf3 85. Rf7+ Kg4 86. Rg7+ Kh4 87. Kg1 Rc2 88. Kh1 Rc1+ 89. Kh2 Rc2+ 90. Kh1 Rf2 91. Rg8 Rf1+ 92. Kh2 Rf2+ 93. Kh1 h2 94.
Rg2 Rxg2 95. Kxg2 h1=Q+ 96. Kxh1 1/2-1/2

[Event "*** Titled Tuesday Blitz"]
[Site "Chess.com"]
[Date "2019.02.05"]
[Round "4"]
[White "Shukh_Nikolay"]
[Black "INLOVEWITHF"]
[Result "0-1"]
[WhiteElo "2369"]
[BlackElo "2287"]
[TimeControl "180+2"]
[EndTime "13:52:44 PST"]
[Termination "INLOVEWITHF won by resignation"]

1. e4 e5 2. Nf3 Nc6 3. Bb5 a6 4. Ba4 Nf6 5. O-O Be7 6. Re1 b5 7. Bb3 O-O 8. a3 d6 9. c3 Na5 10. Ba2 c5 11. d3 h6 12. b4 Nc6 13. Bb2 Be6 14. Bxe6 fxe6 15. d4 exd4 16. cxd4 cxd4 17. Nxd4 Qd7 18. Nc3 Ne5 19. Qe2 Nc4 20. Rad1 e5 21.
Nf5 Qe6 22. Bc1 Kh7 23. f3 Rac8 24. Qd3 Rfd8 25. Nd5 Bf8 26. h3 Nxd5 27. exd5 Qg6 28. f4 Rd7 29. Rf1 Rf7 30. g4 h5 31. Ne3 Qxd3 32.
Rxd3 exf4 33. Nxc4 bxc4 34. Rd4 hxg4 35. Rfxf4 Rxf4 36. Rxf4 gxh3 37. Rh4+ Kg6 38. Rxh3 Be7 39. Kf2 Bf6 40. Ke2 Kf5 41. Re3 Be5 42. Rf3+ Ke4 43.
Rf7 Kxd5 44. Ra7 Rc6 45. a4 Rb6 46. Ba3 Bc3 47. a5 Rc6 48. Rb7 Be5 49. b5 axb5 50.
Rxb5+ Ke4 51. Bb4 c3 52. Ba3 c2 53. Rb4+ Kf5 54. Bc1 g5 55. Ra4 Bf4 56. Bb2 c1=Q 57.
Bxc1 Bxc1 58. a6 Rc8 59. a7 Ra8 60. Kd3 Bf4 61. Kd4 g4 62. Ra5+ Be5+ 63. Kd5 g3 64. Ra2 Kf4 65. Kc6 Kf3 66. Ra3+ Kf2 67. Ra2+ Kf1 68.
Kb7 Rxa7+ 69. Kxa7 g2 0-1

[Event "*** Titled Tuesday Blitz"]
[Site "Chess.com"]
[Date "2019.02.05"]
[Round "4"]
[White "pultineviciuspaulius"]
[Black "KhalilMousavi77"]
[Result "0-1"]
[WhiteElo "2628"]
[BlackElo "2747"]
[TimeControl "180+2"]
[EndTime "13:52:53 PST"]
[Termination "KhalilMousavi77 won by resignation"]

1. d4 d5 2. Nf3 Nf6 3. Bf4 g6 4. e3 Bg7 5. Nbd2 O-O 6. h3 c5 7. c3 Nc6 8. dxc5 Nd7 9. Nb3 e5 10.
Bh2 e4 11. Nfd4 Nde5 12. Be2 Qg5 13. Bg3 a5 14. a4 h5 15. O-O Bxh3 16. gxh3 h4 17. Kg2 hxg3 18. fxg3 Qxe3 19. Qc1 Bh6 20. Qxe3 Bxe3 21. Rad1 Rad8 22. Nb5 b6 23. Nc7 d4 24.
cxd4 Nxd4 25. Nxd4 Bxd4 26. cxb6 Bxb6 27. Nd5 Rb8 28. Nf6+ Kg7 29. Nxe4 Be3 30. Bb5 Rfc8 31. Rd5 Rc2+ 32. Kh1 Rh8 33. h4 Ng4 34. Nd2 Rxd2 35.
Rxd2 Bxd2 36. Kg1 Rc8 37. Bd7 Rc4 38. Rd1 Be3+ 39. Kg2 Ne5 40. Bb5 Rc2+ 41. Kh3 f5 42.
Re1 Ng4 43. Re2 Rc1 44. Kg2 Kf6 45. Kf3 Rf1+ 46. Kg2 Rf2+ 47. Rxf2 Bxf2 48. Be2 Bd4 49. b3 Ne5 50. Kh3 Nd7 51. g4 f4 52. g5+ Kg7 53. Kg4 Be3 54. Kf3 Nc5 55. Bc4 Kf8 56. Kg4 Ke7 57. Kf3 Ne6 58. Kg4 Nd4 59. Bd5 Ne2 60. h5 gxh5+ 61. Kxh5 Kf8 62. Kh6 Nd4 63. Kh7 Nf5 64. g6 Bd4 65. Be4 Ng3 66. Bf3 Bg7 67.
Bd5 Nh5 0-1

[Event "*** Titled Tuesday Blitz"]
[Site "Chess.com"]
[Date "2019.02.05"]
[Round "4"]
[White "vgyogi"]
[Black "MateusViageiro"]
[Result "1/2-1/2"]
[WhiteElo "2163"]
[BlackElo "2183"]
[TimeControl "180+2"]
[EndTime "13:52:54 PST"]
[Termination "Game drawn by agreement"]

1. d4 Nf6 2. Bg5 Ne4 3. Bf4 d5 4. f3 Nf6 5. Nc3 e6 6. e4 Bb4 7. a3 Bxc3+ 8. bxc3 dxe4 9. Bc4 O-O 10. Qe2 exf3 11.
Nxf3 Nd5 12. Bd2 c5 13. O-O Nc6 14. Bd3 f5 15. Kh1 g6 16. Ne5 cxd4 17. Nxc6 bxc6 18.
cxd4 Qc7 19. c4 Nf6 20. Bf4 Qd7 21. Rad1 a5 22. Be5 Ra7 23. h3 Rb7 24. Qd2 Qd8 25. Qf4 Rb3 26. Bc2 Nh5 27. Qc1 Ng3+ 28. Bxg3 Rxg3 29. a4 Qh4 30. Qd2 f4 31. Be4 Ba6 32.
Qe2 Re3 33. Qc2 Bxc4 34. Qxc4 Rxe4 35. Qxc6 Re3 36. Rf3 Re2 37. d5 exd5 38. Qxd5+ Rf7 39. Qd8+ Qxd8 40. Rxd8+ Kg7 41. Rd5 Re3 42. Rxa5 Rxf3 43. gxf3 Re7 44. Ra8 Re2 45. a5 Rf2 46. a6 Rxf3 47.
Kg2 Ra3 48. Ra7+ Kh6 49. Rf7 Rxa6 50. Rxf4 Kg5 51. Rb4 h5 52. h4+ Kf5 53. Kg3 Re6 54. Rb5+ Re5 55. Rb4 Re3+ 56. Kg2 Re4 57. Rb5+ Kf4 58.
Rb6 Kf5 59. Rb5+ Re5 60. Rb4 Rc5 61. Kg3 Rc3+ 62. Kg2 Re3 63. Ra4 Re4 64. Ra5+ Re5 65.
Ra4 Rd5 66. Kg3 Ke5 67. Ra6 Rd3+ 68. Kg2 Kf5 69. Ra5+ Kf4 70. Ra4+ Ke3 71. Ra6 Rd4 72. Rxg6 Rxh4 73. Re6+ Re4 74. Rxe4+ Kxe4 75. Kg3 h4+ 1/2-1/2

[Event "*** Titled Tuesday Blitz"]
[Site "Chess.com"]
[Date "2019.02.05"]
[Round "4"]
[White "Keaton87"]
[Black "BogdanDeac"]
[Result "1/2-1/2"]
[WhiteElo "2547"]
[BlackElo "2736"]
[TimeControl "180+2"]
[EndTime "13:52:57 PST"]
[Termination "Game drawn - insufficient material"]

1. d4 Nf6 2. Nc3 d5 3. Bf4 c5 4.
e3 a6 5. dxc5 Nc6 6. Nf3 Bg4 7.
Be2 e6 8. Na4 Bxc5 9. Nxc5 Qa5+ 10. c3 Qxc5 11. O-O O-O 12. h3 Bh5 13. Ne5 Bxe2 14.
Qxe2 Rfe8 15. Rfd1 Rac8 16. Nxc6 Rxc6 17. Be5 Nd7 18. Bg3 Qc4 19. Qf3 Qb5 20. Rd2 Nc5 21. Qe2 Qb6 22. Be5 Ne4 23. Rdd1 f6 24. Bh2 Qb5 25.
Qxb5 axb5 26. Rd4 Ra8 27. a3 Ra4 28. Rb4 Rxb4 29. axb4 Ra6 30. Rb1 Nd2 31. Rd1 Ra2 32. Bc7 Rxb2 33. f3 Ra2 34. Bf4 e5 35. Bg3 Nc4 36.
Bf2 Rd2 37. Ra1 Rc2 38. Ra7 Nd6 39. e4 dxe4 40. Bc5 Nc4 41. fxe4 Nd2 42. Rxb7 Nxe4 43. Rxb5 Rxc3 44. Ba7 Kf7 45. Rb7+ Kg6 46. b5 Nd6 47. Rb8 Rc1+ 48. Kf2 Rc2+ 49. Kg3 Rb2 50. b6 Nc4 51. Kf3 Rb4 52. Ke2 Rb3 53. Kd1 Rb2 54.
Kc1 Rb5 55. Kc2 e4 56. Kc3 Ne5 57. Kd4 Kf5 58. Rg8 Rb4+ 59. Kc5 Nd3+ 60. Kc6 e3 61.
Re8 Ne5+ 62. Rxe5+ Kxe5 63. b7 e2 64. b8=Q+ Rxb8 65. Bxb8+ Ke4 66. Bg3 Ke3 67. Kd5 Kd2 68. Ke6 e1=Q+ 69.
Bxe1+ Kxe1 70. Kf7 Kf2 71. Kxg7 f5 72. g4 f4 73. g5 f3 74. Kxh7 Ke3 75. g6 f2 76.
g7 f1=Q 77. g8=Q Qxh3+ 78. Kg7 Qg3+ 79. Kh8 Qxg8+ 80. Kxg8 1/2-1/2

[Event "*** Titled Tuesday Blitz"]
[Site "Chess.com"]
[Date "2019.02.05"]
[Round "4"]
[White "AbdAlAgathos"]
[Black "andy_rekt"]
[Result "1-0"]
[WhiteElo "2319"]
[BlackElo "2126"]
[TimeControl "180+2"]
[EndTime "13:52:57 PST"]
[Termination "AbdAlAgathos won by resignation"]

1. c4 e5 2. g3 Nf6 3. Bg2 c6 4. d4 e4 5. d5 Bb4+ 6. Nc3 O-O 7. Nh3 cxd5 8. cxd5 d6 9. O-O Re8 10. Bg5 Bxc3 11. bxc3 h6 12. Be3 Bf5 13. Kh1 Qc8 14. Ng1 Nbd7 15. Bd4 Qc4 16. Rb1 b6 17. Rb4 Qxd5 18. f3 Qxa2 19. g4 Bg6 20. h3 a5 21.
Ra4 Nc5 22. Rxa2 exf3 23. exf3 Bd3 24. Re1 Bc4 25. Rd2 Nb3 26. Bxf6 Nxd2 27. Qxd2 gxf6 28.
f4 d5 29. Nf3 a4 30. Nd4 a3 31. Ra1 a2 32. g5 fxg5 33. fxg5 h5 34. g6 fxg6 35.
Qg5 Kh7 36. Bxd5 Ra5 37. Nf5 Bxd5+ 38. Kg1 gxf5 39. Qxh5+ Kg7 40. Qxe8 Bf7 41. Qd8 Rb5 42. Qd4+ Kf8 43. c4 Rb1+ 44. Kf2 Bxc4 45. Qf6+ Bf7 46. Qd8+ Kg7 47. Qd4+ Kg6 48. Qe5 b5 49. Qd6+ Kg7 50. Qg3+ Kh7 51. Qe5 b4 52. Rxa2 Bxa2 53. Qxf5+ Kg7 54. Qg4+ Kh6 55. Qh4+ Kg6 56. Qg3+ Kf6 57.
Qf4+ Ke7 58. Qe3+ Kf8 59. Qf4+ Bf7 60. Qd6+ Kg8 61. h4 Rb2+ 62. Kf3 b3 63. Qg3+ Kf8 64. Qb8+ Be8 65. Qf4+ Bf7 66. Qb8+ Be8 67. Qd6+ Kg8 68. Kg4 Rg2+ 69. Kh3 b2 70. Qd5+ Kf8 71. Qc5+ Kg7 72. Qd4+ Kf8 73. Qb4+ Kf7 74. Kxg2 Bc6+ 75. Kg3 Be4 76.
Qxb2 Bf5 77. Kf4 Be6 78. Kg5 1-0

[Event "*** Titled Tuesday Blitz"]
[Site "Chess.com"]
[Date "2019.02.05"]
[Round "4"]
[White "popov_m"]
[Black "Revnov"]
[Result "1/2-1/2"]
[WhiteElo "2619"]
[BlackElo "2779"]
[TimeControl "180+2"]
[EndTime "13:53:07 PST"]
[Termination "Game drawn by agreement"]

1. e4 c5 2. Nf3 d6 3. d4 cxd4 4. Nxd4 Nf6 5. Nc3 a6 6. Be3 e5 7. Nf3 h6 8. Bc4 Be7 9. O-O O-O 10. a4 Be6 11. Qe2 Nbd7 12. a5 Rc8 13. Ba2 Rc6 14.
Rfd1 Qc7 15. Nd2 Rc8 16. Bxe6 fxe6 17. Nb3 Rxc3 18. bxc3 Nxe4 19. Qg4 Nxc3 20. Qxe6+ Kf8 21. Rd3 Nf6 22. Re1 Qd7 23. Qxd7 Nxd7 24. Bd2 Nb5 25. c3 Na3 26. f4 Nc4 27. Bc1 Nf6 28. fxe5 dxe5 29. Nd2 Nxa5 30. Rxe5 Nc6 31. Re1 Kf7 32. Ne4 Nxe4 33. Rxe4 Bf6 34. Rd7+ Kg6 35. Rxb7 Na5 36. Ra7 Rxc3 37. Bb2 Rc6 38. Bxf6 gxf6 39. Ra4 Nb3 40. R7xa6 Rc1+ 41. Kf2 Nc5 42. Rc6 Nd3+ 43. Ke3 Rxc6 44.
Kxd3 Kg5 45. Ke3 Rc3+ 46. Kf2 h5 47. Ra5+ f5 48. Ra2 h4 49. h3 Rc4 50. Rb2 Ra4 51. Rc2 Kf4 52. Rb2 Rd4 53. Rc2 Kg5 54. Rb2 Rd5 55.
Rc2 f4 56. Rb2 Kf5 57. Rc2 Ra5 58. Rb2 Ra4 59. Rc2 Ke4 60. Rb2 Rd4 61. Re2+ Kf5 62.
Ra2 Rd3 63. Ra5+ Ke4 64. Ra4+ Kf5 65. Ra5+ Ke4 66. Ra4+ Kf5 67. Ra5+ Kf6 68. Rh5 Kg6 69. Rxh4 Kg5 70. Rg4+ Kf5 71. Rg8 Rd2+ 72. Kg1 Rd1+ 73. Kh2 Rd2 74. h4 f3 75. Rf8+ Kg4 76. Rxf3 Kxh4 77.
Rf4+ Kg5 78. Ra4 Rd3 79. g3 Rd1 80. Kh3 Rh1+ 81. Kg2 Rb1 82. Ra3 Rc1 83. Kf3 Rf1+ 84. Kg2 Rb1 85. Re3 Ra1 86. Re5+ Kg4 87. Re4+ Kg5 88. Rf4 Rb1 89. Kh3 Rh1+ 90. Kg2 Ra1 91. Rb4 Rc1 92. Rb2 1/2-1/2

[Event "*** Titled Tuesday Blitz"]
[Site "Chess.com"]
[Date "2019.02.05"]
[Round "4"]
[White "ZeroRealtorFade"]
[Black "Redbandit87"]
[Result "0-1"]
[WhiteElo "2245"]
[BlackElo "2384"]
[TimeControl "180+2"]
[EndTime "13:53:15 PST"]
[Termination "Redbandit87 won on time"]

1. d4 Nf6 2. Bf4 d5 3. e3 c5 4. c3 Nc6 5. Nd2 Qb6 6. Qb3 c4 7.
Qxb6 axb6 8. e4 b5 9. exd5 Nxd5 10. Be3 Bf5 11. g3 e6 12. Bg2 Nxe3 13. fxe3 Bd3 14. Ne2 b4 15. Nf4 bxc3 16. bxc3 Ra3 17. Nxd3 cxd3 18. Nb3 Bd6 19. Kd2 Ke7 20. Rhb1 Rha8 21.
Rb2 h5 22. Kxd3 h4 23. gxh4 Rh8 24. h3 Kd7 25. Nd2 Na5 26. Nf3 Rc8 27. Rc2 f6 28. Rb1 Rc7 29. Nd2 f5 30. e4 Bf4 31. exf5 exf5 32.
Nb3 Bg3 33. Nc5+ Kd6 34. Nxb7+ Nxb7 35. Rb6+ Kd7 36. Bxb7 Bxh4 37. Rg6 Bf6 38. Bd5 f4 39. Be4 Rca7 40. Bf5+ Kd6 41. Rg4 Rxa2 42. Rxf4 R2a3 43. Be4 Rc7 44. Rf5 Ke7 45. Rd5 Kf7 46. Rb5 Raa7 47. Bd5+ Kg6 48. Rg2+ Kh6 49. Be4 g5 50. Rb6 Rf7 51.
h4 gxh4 52. Rg6+ Kh5 53. Rbxf6 Rxf6 54. Rxf6 h3 55. Rf8 Kh4 56. Rh8+ Kg3 57. d5 Ra4 58. c4 Ra1 59. Kd4 Rd1+ 60. Ke5 Re1 61. Kf5 Rf1+ 62.
Kg5 Rc1 63. Bd3 Rc3 64. Bf1 h2 65. d6 Rc1 66. d7 Rd1 67. Kf6 Rxd7 68. c5 Rc7 69.
Rh5 Rxc5 70. Rh8 Rc6+ 71. Kg5 Rc5+ 72. Kg6 Rc1 73. Be2 h1=Q 74. Rxh1 Rxh1 75. Bd3 Ra1 76. Bf5 Kf4 77. Bd7 Ra6+ 78. Kf7 Ke5 79. Bh3 Ra3 80. Bf1 Rf3+ 0-1

[Event "*** Titled Tuesday Blitz"]
[Site "Chess.com"]
[Date "2019.02.05"]
[Round "4"]
[White "Aleksey_Sorokin"]
[Black "GameOverBro"]
[Result "0-1"]
[WhiteElo "2687"]
[BlackElo "2509"]
[TimeControl "180+2"]
[EndTime "13:53:22 PST"]
[Termination "GameOverBro won by resignation"]

1. d4 d6 2. Nf3 Nf6 3. c4 Nbd7 4.
Nc3 e5 5. g3 Be7 6. Bg2 c6 7.
e4 a6 8. a4 a5 9. O-O exd4 10.
Nxd4 Nc5 11. Qc2 O-O 12. h3 Qc7 13. Be3 Re8 14. f4 Bf8 15. Rae1 h5 16. Nb3 Na6 17. Qf2 Nd7 18. g4 hxg4 19. hxg4 Ndc5 20. Nxc5 Nxc5 21. g5 Nd3 22. Qh4 Nxe1 23. Rxe1 g6 24. Bd4 Bg7 25. Bxg7 Kxg7 26. Qh6+ Kg8 27. c5 dxc5 28. e5 Bf5 29. Be4 Qe7 30. Re2 Qf8 31. Qh4 Rad8 32. Rh2 Qg7 33. Bxf5 gxf5 34. Qh3 Rd4 35. Qxf5 Qg6 36. Qh3 Kf8 37. Ne2 Rd1+ 38. Kf2 Red8 39. f5 Qxg5 40. Rg2 Qd2 41. Qh8+ Ke7 42. Qf6+ Kd7 43. Qxf7+ Kc8 44. Qc4 Qe1+ 45. Ke3 R8d3+ 46. Qxd3 Rxd3+ 47. Kxd3 Qb1+ 48. Kd2 Qxf5 49. Rg8+ Kc7 50. Rg7+ Kb6 51. Rg3 Qxe5 52. Re3 Qd5+ 53. Kc2 c4 54. Nc3 Qf5+ 55. Kd1 Kc5 56. Re2 Qf3 57. Kd2 Qf4+ 58. Kc2 b5 59. Rg2 Qf5+ 60.
Kd1 Qf3+ 61. Re2 b4 62. Ne4+ Kd4 63. Nd2 Qh1+ 64. Kc2 Qh7+ 65. Kc1 Kd3 66. Re1 c3 67. bxc3 bxc3 68. Nb3 Qh6+ 69. Kb1 c2+ 70. Kb2 Qh8+ 71. Ka2 Qc3 72. Rh1 Kc4 73. Rh4+ Kd5 74. Rh5+ Kd6 75. Rh6+ Kc7 76. Rh1 Qc4 77. Kb2 Qxa4 78. Ra1 Qb4 79.
Kxc2 a4 80. Nd2 Qc5+ 81. Kd1 Qd4 82. Ra3 Qb4 83. Ra2 a3 84. Kc2 Qa4+ 85. Kc3 c5 86. Nc4 Qb4+ 87. Kd3 Qb3+ 0-1

[Event "*** Titled Tuesday Blitz"]
[Site "Chess.com"]
[Date "2019.02.05"]
[Round "4"]
[White "Annawel"]
[Black "David_Klein"]
[Result "0-1"]
[WhiteElo "2926"]
[BlackElo "2601"]
[TimeControl "180+2"]
[EndTime "13:53:24 PST"]
[Termination "David_Klein won by checkmate"]

1. e4 g6 2. d4 Bg7 3. Nc3 d6 4. Be3 a6 5. h4 h6 6. f3 b5 7. a4 b4 8. Nd5 a5 9. Bc4 e6 10. Nf4 Ne7 11. Nge2 c6 12. c3 d5 13. Bd3 Ba6 14.
Qd2 Qb6 15. O-O Nd7 16. Rac1 O-O 17. c4 h5 18. Nh3 Rfe8 19. Ng5 Qb7 20. Kh1 dxc4 21.
Bxc4 Bxc4 22. Rxc4 Nb6 23. Rcc1 Nxa4 24. Nf4 c5 25.
Nfxe6 fxe6 26. Nxe6 cxd4 27. Bxd4 Nc6 28. Bxg7 Rxe6 29. Qd5 Re8 30. Bh6 Nb6 31. Qb5 Nd4 32.
Qxa5 Nb3 33. Qxb4 Nxc1 34. Rxc1 Qe7 35. Qe1 Rc8 36. Ra1 Ra8 37. Rc1 Rc8 38. Ra1 Nc4 39. Bg5 Qd7 40. Rd1 Qb7 41. b4 Ne5 42. Rd5 Nf7 43. Be3 Rb8 44. b5 Rbe8 45. Qd2 Re5 46. b6 Rxd5 47. exd5 Rd8 48. Qd3 Kh7 49. Qe4 Rxd5 50.
Kh2 Qb8+ 51. Bf4 Qb7 52. Qe6 Rd7 53. Qf6 Re7 54. Bd2 Qd7 55. Bf4 Re6 56. Qc3 Rxb6 57.
Qc4 Rc6 58. Qb5 Rd6 59. Qc4 Rd4 60. Qc1 Qe7 61. Bg3 Rxh4+ 62. Bxh4 Qxh4+ 63. Kg1 Qd4+ 64. Kh2 Qf6 65. Qc8 Kg7 66. Qa8 Qe5+ 67. Kg1 Qe1+ 68. Kh2 Qe5+ 69. Kg1 h4 70. Qa4 g5 71. Qg4 Kg6 72. Kh1 Qa1+ 73. Kh2 Qe5+ 74. Kh1 Nh6 75. Qd7 Nf5 76. Qc6+ Kh5 77. Kg1 Qe1+ 78. Kh2 Qg3+ 79. Kh1 Qe1+ 80. Kh2 Qe5+ 81. Kg1 h3 82. gxh3 Qe1+ 83.
Kg2 Ne3+ 84. Kh2 Qf2+ 85. Kh1 Qg2# 0-1

[Event "*** Titled Tuesday Blitz"]
[Site "Chess.com"]
[Date "2019.02.05"]
[Round "4"]
[White "Vulcanochess"]
[Black "CalinGheorghiu"]
[Result "1/2-1/2"]
[WhiteElo "2369"]
[BlackElo "2243"]
[TimeControl "180+2"]
[EndTime "13:53:28 PST"]
[Termination "Game drawn by agreement"]

1. d4 Nf6 2. c4 e6 3. Nc3 Bb4 4. f3 d5 5. a3 Bxc3+ 6. bxc3 c5 7. e3 Qc7 8. cxd5 exd5 9. Qd2 O-O 10. Bd3 b6 11.
Ne2 Ba6 12. O-O Bxd3 13. Qxd3 Re8 14. Ng3 Nc6 15. a4 Na5 16. e4 cxd4 17. cxd4 dxe4 18. fxe4 Qc4 19. Qxc4 Nxc4 20. Re1 Rad8 21. e5 Rxd4 22. Nf5 Re4 23. Rxe4 Nxe4 24. Bf4 g6 25. Nd6 Ncxd6 26. exd6 g5 27. Be3 Nxd6 28. Bxg5 Kg7 29. Rd1 Re6 30. Bf4 Nf5 31. Rd7 Re4 32. Bb8 Rxa4 33. Bxa7 b5 34. Rb7 Nd6 35. Rd7 Ne4 36. h3 b4 37.
Bd4+ Kg6 38. Rb7 b3 39. Bb2 Nc5 40. Rb6+ Kf5 41. Rb5 Rc4 42. Ba3 Ke4 43. Bxc5 b2 44. Rxb2 Rxc5 45. Rb4+ Kf5 46. Kh2 Rc3 47. Rh4 Kg6 48.
Rg4+ Kf6 49. h4 Rd3 50. g3 Rd5 51. Kh3 Rf5 52. Rg8 Rc5 53. Rh8 Kg7 54. Ra8 h5 55.
Rd8 Re5 56. Rd4 Rb5 57. Ra4 Rc5 58. Rf4 Rb5 59. Kg2 Rc5 60. Kf3 Rb5 61. Re4 Rf5+ 62.
Ke3 Rb5 63. Kf4 Kg6 64. Rc4 Rf5+ 65. Ke4 Rf1 66. Rc6+ f6 67. Ra6 Rf2 68. Ke3 Rf1 69. Ra5 Rf5 70. Ra8 Rf1 71. Rg8+ Kf7 72. Rh8 Kg6 73.
Rg8+ Kf7 74. Ra8 Rb1 75. Kf3 Rb4 76. Ra5 Kg6 77. Rc5 Rd4 78. Rb5 Rc4 1/2-1/2

[Event "*** Titled Tuesday Blitz"]
[Site "Chess.com"]
[Date "2019.02.05"]
[Round "4"]
[White "wonderfultime"]
[Black "yuki_chess123"]
[Result "1/2-1/2"]
[WhiteElo "2872"]
[BlackElo "1988"]
[TimeControl "180+2"]
[EndTime "13:53:30 PST"]
[Termination "Game drawn - insufficient material"]

1. d4 g6 2. Nf3 Bg7 3. c3 Nf6 4. Bg5 d5 5. Nbd2 O-O 6. e3 Bg4 7. h3 Bxf3 8. Nxf3 c6 9. Bd3 Nbd7 10. O-O Re8 11. Ne5 Nxe5 12. dxe5 Nd7 13. f4 f6 14. Bh4 fxe5 15. f5 e4 16. Be2 Ne5 17.
fxg6 Nxg6 18. Bg5 Rf8 19. Qb3 Qb6 20. Bh5 Bf6 21. Bh6 Bg7 22. Bg5 Bf6 23. Bh6 Bg7 24. Bg5 h6 25. Bxg6 hxg5 26. Rfe1 Qxb3 27. axb3 Rf6 28. Bh5 a6 29. Re2 Raf8 30. Bg4 Kf7 31. g3 e6 32. Kg2 Ke7 33. b4 Rf3 34. Rg1 Be5 35. Kh2 Rf2+ 36. Rg2 Rf1 37. Rg1 R1f6 38.
Kg2 Kd6 39. Rd2 Ra8 40. Ra1 Kc7 41. Rf2 Rxf2+ 42. Kxf2 Rf8+ 43. Kg2 Kd6 44. Rh1 Rh8 45. Rf1 Rh6 46. Rf7 b6 47. Ra7 a5 48. bxa5 bxa5 49. Rxa5 Rh7 50. Ra3 Rb7 51. b4 Rb6 52. h4 gxh4 53.
gxh4 Rb7 54. h5 Bf6 55. Kh3 Bg5 56. c4 Rxb4 57. cxd5 exd5 58. Bf5 Rb1 59. Bg6 c5 60. Kg4 Rg1+ 61. Kf5 c4 62. Bf7 Kc5 63. Ra5+ Kb4 64. Rxd5 Bxe3 65. Kxe4 Bc1 66. Rd8 c3 67. Rc8 Bd2 68.
Kd3 Rg3+ 69. Kc2 Rh3 70. Rc6 Rh4 71. Rb6+ Kc5 72. Rb8 Kd6 73. Bg6 Ke7 74. Rb7+ Kf6 75. Kd3 Kg5 76. Rb5+ Kh6 77. Rb7 Rh3+ 78. Kd4 Rh4+ 79.
Ke5 Rxh5+ 80. Bxh5 c2 81. Rb6+ Kxh5 82. Rc6 c1=Q 83.
Rxc1 Bxc1 1/2-1/2